 Dungeon Crawl Stone Soup version 0.26-a0-597-gb535b0901c (webtiles) character file.

Game seed: 8475280046032652766

1962 Lugonue the Ruffian (level 9, -12/42 HPs)
             Began as a Vine Stalker Transmuter on Sept 9, 2020.
             Was an Initiate of Gozag.
             Killed by the air
             ... invoked by Gastronok
              (25 damage)
             ... on level 8 of the Dungeon.
             The game lasted 00:13:43 (6637 turns).

Lugonue the Ruffian (Vine Stalker Transmuter)       Turns: 6637, Time: 00:13:47

Health: -12/42     AC:  8    Str: 15    XL:     9   Next: 19%
Magic:  0/27       EV: 13    Int: 15    God:    Gozag
Gold:   305        SH:  0    Dex: 14    Spells: 14/18 levels left

rFire    . . .     SeeInvis .     - Unarmed
rCold    + . .     Faith    .   (no shield)
rNeg     . . .     Spirit   +   z - +2 leather armour {rC+}
rPois    .         Reflect  .   j - +0 helmet
rElec    .         Harm     .   (no cloak)
rCorr    .                      (no gloves)
MR       +....                  v - +1 pair of boots
Stlth    ++........             g - amulet of the acrobat
HPRegen  0.54/turn              c - ring of magical power
MPRegen  0.20/turn              (no ring)

@: gold aura, slowed, very slow
A: fangs 3, regeneration 1, magic shield, antimagic bite, no potion heal 3, rot
immunity
a: Potion Petition, Call Merchant, Bribe Branch, Renounce Religion


You were on level 8 of the Dungeon.
You worshipped Gozag.
Gozag was aware of your devotion.
You visited 1 branch of the dungeon, and saw 8 of its levels.

You collected 1132 gold pieces.
You spent 798 gold pieces at shops.
You paid 29 gold pieces to Gozag.

Inventory:

Missiles
 p - 21 poisoned darts (quivered)
Armour
 j - a +0 helmet (worn)
 v - a +1 pair of boots (worn)
 z - a +2 leather armour of cold resistance (worn)
Jewellery
 c - a ring of magical power (left hand)
 g - an amulet of the acrobat (around neck)
 y - an uncursed ring of see invisible
Wands
 i - a wand of disintegration (13)
 n - a wand of enslavement (1)
 q - a wand of iceblast (21)
Scrolls
 o - 6 scrolls of magic mapping
 r - a scroll of amnesia
 w - 3 scrolls of remove curse
Potions
 a - a potion of brilliance {unknown}
 b - 5 potions of curing
 e - 2 potions of lignification
 l - a potion of resistance
 m - a potion of degeneration {unknown}
 s - 2 potions of might {unknown}
 u - 2 potions of mutation {unknown}
 x - a potion of haste {unknown}
Miscellaneous
 d - a tin of tremorstones (2/3)


   Skills:
 + Level 2.3 Fighting
 + Level 3.9 Dodging
 + Level 4.1 Stealth
 + Level 7.9 Unarmed Combat
 + Level 5.4 Spellcasting
 + Level 4.8 Transmutations
 + Level 0.6 Evocations


You had 14 spell levels left.
You knew the following spells:

 Your Spells              Type           Power        Failure   Level
a - Beastly Appendage     Tmut           ###...       2%          1
b - Spider Form           Tmut/Pois      ##........   22%         3

Your spell library contained the following spells:

 Spells                   Type           Power        Failure   Level
 Wereblood                Tmut           ###.....     4%          2
 Animate Skeleton         Necr           #.....       19%         1
 Apportation              Tloc           #.....       19%         1
 Corona                   Hex            #......      19%         1
 Magic Dart               Conj           #...         19%         1
 Summon Small Mammal      Summ           #...         19%         1
 Blink                    Tloc           N/A          28%         2
 Call Imp                 Summ           #.......     28%         2
 Ensorcelled Hibernation  Hex/Ice        #.....       28%         2
 Slow                     Hex            #.......     28%         2
 Confusing Touch          Hex            #.......     50%         3
 Conjure Flame            Conj/Fire      #.......     50%         3
 Dazzling Flash           Conj/Hex       #.....       50%         3
 Mephitic Cloud           Conj/Pois/Air  #.......     50%         3
 Tukima's Dance           Hex            #.......     50%         3
 Ice Form                 Ice/Tmut       ##......     56%         4
 Blade Hands              Tmut           ###.......   58%         5


Dungeon Overview and Level Annotations

Branches:
Dungeon (8/15)             Temple (0/1) D:7
   Lair: D:8-11

Altars:
Dithmenos
Gozag
Nemelex Xobeh
Ru
Trog

Shops:
D:4 *   D:7 [

Annotations:
D:7 3 runed translucent doors, Wiebster667's ghost, novice HuFi; p0werm0de's ghost, novice MiFi
D:8 Gastronok; Pikel


Innate Abilities, Weirdness & Mutations

You have razor-sharp teeth.
Your natural rate of healing is unusually fast.
When hurt, damage is shared between your health and your magic reserves.
Your bite disrupts and absorbs the magic of your enemies.
Potions cannot restore your health.
You are immune to rotting.


Message History

The quokka becomes distracted by the nearby gold, dreaming of imaginary riches.
Your wolf barely misses the phantom.
Your wolf closely misses the phantom.
Your wolf closely misses the phantom.
Your wolf barely misses the phantom.
The phantom becomes distracted by the nearby gold, dreaming of imaginary riches.
The bat misses your wolf.
Your wolf bites the phantom.
The phantom is no longer distracted by gold.
The phantom barely misses your wolf.
The bat becomes distracted by the nearby gold, dreaming of imaginary riches.
Your wolf closely misses the phantom. x2
There is a stone staircase leading up here.
The bat is no longer distracted by gold.
The bat misses your wolf.
Your wolf barely misses the phantom.
The quokka closely misses your wolf.
Gastronok makes a strange noise.
Gastronok waves his eye-stalks in wide circles.
The air twists around and strikes you!!
Ouch! That really hurt!
You die...
Your body crumbles into a pile of gold.

###.# #.... #.#.#
..... #.#.# #.#.#
#.#!###.##
#@........
#.#?###### #####
#.#.#
#....###W#.######
#.......h.$...$..
#.......r........
#......$.........
#........w.......
#.....$$.........


You could see Gastronok (swift), a phantom, a quokka (summoned) and a friendly
wolf (charmed).

Vanquished Creatures
  Grum (D:8)
  An orc warrior (D:7)
  2 ogres
  2 phantoms
  A lemure (D:7)
  2 bullfrogs (D:6)
  3 scorpions
  3 wights (D:7)
  2 howler monkeys
  A bullfrog zombie (D:5)
  2 orc priests
  3 bullfrog skeletons
  A jelly (D:7)
  5 hounds
  An iguana (D:4)
  4 orc wizards
  5 worker ants
  Robin (D:2)
  4 adders
  A shadow imp (D:4)
  A white imp (D:5)
  2 ufetubi
  2 oozes (D:3)
  An adder zombie (D:6)
  An adder skeleton (D:8)
  7 worms
  6 leopard geckos
  32 orcs
  2 ball pythons (D:1)
  3 giant cockroaches
  9 goblins
  15 hobgoblins
  9 jackals
  9 kobolds
  5 quokkas
  3 bats (D:1)
  5 frilled lizards
  9 rats
166 creatures vanquished.

Vanquished Creatures (collateral kills)
  A wolf (D:8)
  A shadow imp (D:8)
2 creatures vanquished.

Vanquished Creatures (others)
  A wolf (D:8)
1 creature vanquished.

Grand Total: 169 creatures vanquished

Notes
Turn   | Place    | Note
-------+----------+-------------------------------------------
     0 | D:1      | Lugonue the Vine Stalker Transmuter began the quest for the
                  | Orb.
     0 | D:1      | Reached XP level 1. HP: 9/9 MP: 4/4
     1 | D:1      | Noticed an electric eel
   147 | D:1      | Reached XP level 2. HP: 13/14 MP: 4/6
   587 | D:1      | Reached XP level 3. HP: 6/17 MP: 7/7
  1034 | D:1      | You fall into a shaft and drop 1 floor!
  1066 | D:2      | Found an opulent altar of Gozag.
  1160 | D:2      | Noticed Robin
  1171 | D:2      | Killed Robin
  1171 | D:2      | Reached skill level 1 in Fighting
  1171 | D:2      | Gained mutation: Your natural rate of healing is unusually
                  | fast. [Vine Stalker growth]
  1171 | D:2      | Reached XP level 4. HP: 8/22 MP: 9/9
  1177 | D:2      | Reached skill level 4 in Unarmed Combat
  1442 | D:2      | Became a worshipper of Gozag Ym Sagoz the Greedy
  1624 | D:2      | Learned a level 3 spell: Spider Form
  1820 | D:3      | Reached XP level 5. HP: 25/25 MP: 10/10
  2406 | D:4      | Reached skill level 1 in Stealth
  2695 | D:4      | Found Ywedgh's Elemental Accessories.
  2702 | D:4      | Bought a wand of iceblast (7) for 121 gold pieces
  2896 | D:4      | Reached XP level 6. HP: 26/30 MP: 12/12
  3090 | D:4      | Reached skill level 5 in Unarmed Combat
  3435 | D:4      | Found a sacrificial altar of Ru.
  3540 | D:5      | Entered Level 5 of the Dungeon
  3559 | D:5      | Reached XP level 7. HP: 24/33 MP: 13/13
  3743 | D:5      | Reached skill level 6 in Unarmed Combat
  4252 | D:5      | Found a sparkling altar of Nemelex Xobeh.
  4404 | D:4      | Bought a tin of tremorstones (3/3) for 440 gold pieces
  4545 | D:6      | Gained mutation: You have razor-sharp teeth. [Vine Stalker
                  | growth]
  4545 | D:6      | Reached XP level 8. HP: 33/39 MP: 15/15
  4799 | D:6      | Found a shadowy altar of Dithmenos.
  5071 | D:6      | Found a sacrificial altar of Ru.
  5327 | D:7      | Found Hiurr's Antique Armour Shoppe.
  5333 | D:7      | Bought a pair of embroidered boots for 142 gold pieces
  5333 | D:7      | Bought a runed leather armour for 95 gold pieces
  5473 | D:7      | Found a bloodstained altar of Trog.
  5567 | D:7      | Reached skill level 7 in Unarmed Combat
  5904 | D:7      | Noticed Wiebster667's ghost (novice HuFi)
  5904 | D:7      | Noticed p0werm0de's ghost (novice MiFi)
  5905 | D:7      | Found a runed translucent gate.
  5905 | D:7      | Found a runed translucent gate.
  5905 | D:7      | Found a runed translucent gate.
  5949 | D:7      | Reached skill level 5 in Spellcasting
  6142 | D:7      | Found a staircase to the Ecumenical Temple.
  6338 | D:8      | Reached XP level 9. HP: 37/42 MP: 13/17
  6340 | D:8      | Noticed Pikel
  6421 | D:8      | Noticed a two-headed ogre
  6532 | D:8      | Noticed Gastronok
  6605 | D:8      | Noticed Grum
  6616 | D:8      | HP: 2/42 [wolf[Grum] (4)]
  6622 | D:8      | Killed Grum
  6637 | D:8      | Killed from afar by Gastronok

Illustrated notes

Levels and vault maps discovered:
D:1:      arrival_aquarium_a, layout_basic
D:2:      layout_rooms, grunt_gozag_statues, uniq_robin
D:3:      layout_loops_cross
D:4:      layout_gridville, lemuel_crystal_altar, nicolae_elemental_shop
D:5:      layout_rooms, kennysheep_little_box
D:6:      layout_loops_ring, basic_altar, grunt_dithmenos_smoke_and_mirrors
D:7:      layout_basic, minmay_temple_entry_nine_rooms, basic_altar,
          serial_shops, shop_statue, gammafunk_ghost_cemetery, minivault_19
D:8:      layout_basic, serial_shops, shop, uniq_maggie, uniq_erica,
          uniq_gastronok, uniq_grum, uniq_pikel

Skill      XL: |  1  2  3  4  5  6  7  8 |
---------------+-------------------------+-----
Fighting       | 1 2 |  2.3
Unarmed Combat | 4 5 6 7 |  7.9
Dodging        | 2 3 |  3.9
Spellcasting   | 3 4 5 |  5.4
Stealth        | 1 2 4 |  4.1
Transmutations | 3 4 |  4.8
Evocations     | |  0.6

Action                   |  1- 3 |  4- 6 |  7- 9 || total
-------------------------+-------+-------+-------++-------
Melee: Unarmed           |    85 |   196 |   223 ||   504
       Kick              |    13 |    32 |    44 ||    89
       Headbutt          |    14 |    25 |    35 ||    74
       Bite              |    13 |    48 |    36 ||    97
       Punch             |       |     1 |     5 ||     6
Throw: Dart              |       |     7 |    12 ||    19
 Cast: Beastly Appendage |    18 |    26 |    34 ||    78
       Spider Form       |       |       |     5 ||     5
Evoke: Wand              |       |       |     9 ||     9
       Tin of tremorston |       |       |     1 ||     1
  Use: Scroll            |       |       |    12 ||    12
 Stab: Sleeping          |       |     3 |     3 ||     6
       Distracted        |       |     1 |     1 ||     2
Armor: Robe              |    13 |    21 |     6 ||    40
       Leather armour    |       |       |     4 ||     4
       Skin              |       |       |     1 ||     1
Dodge: Dodged            |    50 |   116 |   151 ||   317

Table legend: (Time is in decaauts)
 A = Elapsed time spent in this place.
 B = Non-inter-level travel time spent in this place.
 C = Inter-level travel time spent in this place.
 D = Time resting spent in this place.
 E = Time spent auto-exploring this place.
 F = Levels seen in this place.
 G = Mean time per level.
                   A        B        C        D        E       F      G
               +--------+--------+--------+--------+--------+-----+--------+
         Total |   6591 |   6171 |    420 |     35 |   4668 |   8 |  823.9 |
       Dungeon |   6591 |   6171 |    420 |     35 |   4668 |   8 |  823.9 |
               +--------+--------+--------+--------+--------+-----+--------+

Top non-repeatable levels by time:
     D:4: 1246 daAuts
     D:1: 1029 daAuts
     D:7: 1022 daAuts
     D:5: 877 daAuts
     D:6: 847 daAuts
     D:2: 674 daAuts
     D:3: 673 daAuts
     D:8: 221 daAuts
